 Dungeon Crawl Stone Soup version 0.29.1-12-g30fa7ad0bf (webtiles) character file.

Game seed: 16291857964708787860

48 CaptainMV the Stinger (level 3, -3/26 HPs)
             Began as a Draconian Venom Mage on Dec 23, 2022.
             Slain by an iron imp (6 damage)
             ... summoned by Natasha
             ... on level 2 of the Dungeon.
             The game lasted 00:09:25 (970 turns).

CaptainMV the Stinger (Draconian Venom Mage)         Turns: 970, Time: 00:09:26

Health: -3/26      AC:  5    Str: 10    XL:     3   Next: 50%
Magic:  6/6        EV: 12    Int: 17    God:
Gold:   94         SH:  0    Dex: 11    Spells: 5/6 levels left

rFire   . . .      SeeInvis +   l - +0 short sword (venom)
rCold   . . .      Faith    .   (no shield)
rNeg    . . .      Spirit   .   (body armour unavailable)
rPois   .          Reflect  .   (helmet restricted)
rElec   .          Harm     .   (no cloak)
rCorr   .          Rampage  .   (no gloves)
Will    .....                   (no boots)
Stlth   ++........              (no amulet)
HPRegen 0.08/turn               e - ring of flight
MPRegen 0.10/turn               f - ring of see invisible

@: flying
A: AC +5, unfitting armour, cold-blooded
a: no special abilities


You were on level 2 of the Dungeon.
You visited 1 branch of the dungeon, and saw 2 of its levels.

You collected 94 gold pieces.

Inventory:

Hand Weapons
 c - a +0 mace
 l - a +0 short sword of venom (weapon)
Jewellery
 e - a ring of flight (left hand)
 f - a ring of see invisible (right hand)
Scrolls
 b - 2 scrolls of identify {unknown}
 d - a scroll of enchant weapon {unknown}
 g - a scroll of magic mapping {unknown}
 j - a scroll of teleportation {unknown}
 k - a scroll of noise {unknown}
Potions
 a - a potion of magic
 h - a potion of degeneration {unknown}
 i - a potion of curing {unknown}
 m - 2 potions of mutation {unknown}


   Skills:
 + Level 0.2 Fighting
 + Level 0.7 Maces & Flails
 + Level 1.8 Dodging
 + Level 1.9 Stealth
 + Level 2.4 Spellcasting
 + Level 1.3 Transmutations
 + Level 3.8 Poison Magic


You had 5 spell levels left.
You knew the following spells:

 Your Spells              Type           Power      Damage    Failure   Level
a - Sting                 Tmut/Pois      40%        1d5       6%          1

Your spell library contained the following spells:

 Spells                   Type           Power      Damage    Failure   Level
 Poisonous Vapours        Pois/Air       16%        N/A       13%         2
 Wereblood                Tmut           6%         N/A       16%         2
 Apportation              Tloc           4%         N/A       19%         1
 Sublimation of Blood     Necr           2%         N/A       28%         2
 Mephitic Cloud           Conj/Pois/Air  6%         N/A       32%         3
 Olgreb's Toxic Radiance  Pois           15%        N/A       36%         4
 Gell's Gravitas          Tloc           2%         N/A       50%         3
 Lesser Beckoning         Tloc           2%         N/A       50%         3
 Teleport Other           Tloc           2%         N/A       50%         3
 Alistair's Intoxication  Tmut/Pois      6%         N/A       87%         5
 Anguish                  Hex/Necr       1%         N/A       88%         4
 Enfeeble                 Hex            1%         N/A       100%        7
 Summon Hydra             Summ           1%         N/A       100%        7


Dungeon Overview and Level Annotations

Branches:
Dungeon (2/15)

Altars:

Shops:
D:2 :

Annotations:
D:2 Natasha


Innate Abilities, Weirdness & Mutations

Your plain brown scales are hard. (AC +5)
You cannot fit into any form of body armour.
You are cold-blooded and may be slowed by cold attacks.


Message History

The white imp is moderately wounded.
The white imp misses you.
Natasha wildly gestures.
Natasha's front paws start to glow.
You barely miss the white imp.
The white imp is moderately wounded.
The white imp misses you.
You hit the white imp.
The white imp is poisoned.
Your tail-slap misses the white imp.
The white imp is moderately wounded.
The white imp gestures at you. The puff of frost hits you!
You barely miss the white imp.
Your tail-slap misses the white imp.
The white imp is moderately wounded.
The white imp gestures at you. The puff of frost hits you.
You hit the white imp but do no damage.
The white imp is heavily wounded.
The white imp gestures at you. The puff of frost hits you!
* * * LOW HITPOINT WARNING * * *
You hit the white imp but do no damage.
The white imp is heavily wounded.
The white imp barely misses you.
You hit the iron imp but do no damage. You punch the iron imp.
The iron imp is lightly wounded.
Natasha howls an incantation.
You feel disoriented.
You hit the iron imp but do no damage.
The iron imp is lightly wounded.
You hit the iron imp.
The iron imp is moderately wounded.
The iron imp hits you.
* * * LOW HITPOINT WARNING * * *
You hit the iron imp but do no damage.
The iron imp is poisoned.
The iron imp is moderately wounded.
You kill the white imp!
The white imp disappears in a puff of smoke!
The iron imp hits you.
You die...

#........# #.#
#....##### #.#
####..# #.# ##.#. #.#
#####.#.####### #.#
..............####.#
...$...##...#.##...#
......ยง##...#.##.###
......h5@...#....####
.......##....>......#
....... #...#.#####.#
....... #...#... #
....).. #...####.#
.....l. #...# #
....... ##### .....##


You could see an iron imp (summoned, very poisoned) and Natasha.

Vanquished Creatures
  2 adders (D:2)
  A worm (D:2)
  5 endoplasms
  A giant cockroach (D:1)
  3 goblins (D:1)
  A hobgoblin (D:2)
  A ball python (D:2)
  4 bats (D:1)
  5 frilled lizards
  2 kobolds (D:2)
  4 rats
29 creatures vanquished.

Vanquished Creatures (others)
  A fungus (D:2)
  A plant (D:2)
2 creatures vanquished.

Grand Total: 31 creatures vanquished

Notes
Turn   | Place    | Note
-------+----------+-------------------------------------------
     0 | D:1      | CaptainMV the Draconian Venom Mage began the quest for the
                  | Orb.
     0 | D:1      | Reached XP level 1. HP: 14/14 MP: 3/3
   111 | D:1      | Reached XP level 2. HP: 9/20 MP: 0/5
   682 | D:2      | Found a faded altar of an unknown god.
   731 | D:2      | Found Ziurhaixt's Book Emporium.
   855 | D:2      | Reached XP level 3. HP: 25/26 MP: 4/6
   945 | D:2      | Noticed Natasha
   970 | D:2      | Slain by an iron imp

Illustrated notes

Levels and vault maps discovered:
D:1:      dpeg_arrival_lava_temple_mockup, layout_basic, moated_statue,
          item_on_display_b
D:2:      layout_basic, shapermc_ecumenical_altar_mp_urbaneastern, serial_shops,
          shop, basic_altar, uniq_natasha, uniq_crazy_yiuf_cottage

Action                   || total
-------------------------++-------
Melee: Mace              ||    41
       Unarmed           ||     3
       Tailslap          ||     9
       Short sword       ||    37
       Punch             ||     2
 Cast: Sting             ||    20
 Stab: Sleeping          ||     1
Armor: Skin              ||    21
Dodge: Dodged            ||    51
